 Dungeon Sprint DCSS version 0.26-a0-771-g060e6a62af (webtiles) character file.

Game seed: 13063862087167937956

11400000 iamoutofideas the Conqueror (level 27, -30/249 HPs)
             Began as a Mummy Chaos Knight on Nov 9, 2020.
             Was the Champion of Makhleb.
             Annihilated by a destroyer
             ... wielding a +9 vorpal great sword
              (40 damage)
             ... in the Dungeon (Sprint VIII: "Arena of Blood").
             The game lasted 00:04:28 (114 turns).

iamoutofideas the Conqueror (Mummy Chaos Knight)     Turns: 114, Time: 00:04:29

Health: -30/249    AC:  8    Str: 18    XL:     27
Magic:  48/54      EV: 35    Int: 12    God:    Makhleb [******]
Gold:   0          SH:  0    Dex: 21    Spells: 80/80 levels left

rFire    x . .     SeeInvis +   d - +∞ Axe of Woe
rCold    + . .     Faith    .   (shield currently unavailable)
rNeg     + + +     Spirit   .   b - +2 leather armour
rPois    ∞         Reflect  .   (no helmet)
rElec    .         Harm     .   (no cloak)
rCorr    .         Rampage  .   (no gloves)
MR       +++..     NoTele   +   (no boots)
Stlth    +++++++++.             (no amulet)
HPRegen  0.51/turn              e - ring of see invisible
MPRegen  0.34/turn              (no ring)

@: slowed, very slow
A: no potions, fire vulnerability, cold resistance 1, negative energy resistance
3, torment resistance, unbreathing, in touch with death 2
a: Minor Destruction, Lesser Servant of Makhleb, Major Destruction, Greater
Servant of Makhleb, Renounce Religion


You were in the Dungeon.
You worshipped Makhleb.
Makhleb was exalted by your worship.
You visited 1 branch

Inventory:

Hand Weapons
 a - a +0 hand axe of chaos
 d - the +∞ Axe of Woe (weapon)
   (You found it in the Dungeon)
Armour
 b - a +2 leather armour (worn)
Jewellery
 e - a ring of see invisible (left hand)
Scrolls
 c - a scroll of blinking


   Skills:
 O Level 27 Fighting
 O Level 27 Axes
 O Level 27 Throwing
 O Level 27 Armour
 O Level 27 Dodging
 O Level 27 Stealth
 O Level 27 Unarmed Combat
 O Level 27 Spellcasting
 O Level 27 Invocations


You had 80 spell levels left.
You didn't know any spells.
Your spell library was empty.

Dungeon Overview and Level Annotations

Branches:
Dungeon (1/1)

Altars:
Makhleb


Innate Abilities, Weirdness & Mutations

You do not drink.
Your flesh is vulnerable to fire.
You are immune to poison.
Your flesh is cold resistant. (rC+)
You are immune to negative energy. (rN+++)
You are immune to unholy pain and torment.
You can survive without breathing.
You are strongly in touch with the powers of death.


Message History

The scourge throws poison at you.
The bolt of poison hits the dread.
The dread completely resists.
The bolt of poison hits you but does no damage.
You resist. The accursed casts a spell at you. Something smites you!
You hear a shout!
Unknown command.
Unknown command.
A meat berserker comes into view. It is wielding a +9 battleaxe.
The fleshlord appears out of thin air!
A fleshlord comes into view. It is wielding a +9 great mace.
The fleshlord appears out of thin air!
A fleshlord comes into view. It is wielding a +9 great mace.
You hear a shout! x7
The wretched soul hits you.
The destroyer hits you with a +9 vorpal great sword!!!!!
Ouch! That really hurt!
* * * LOW HITPOINT WARNING * * *
You die...

#################
##......)........####
.......).)).........#
......##)##.#####....
........)D).).....p..
###.....##)##))S.....
........).)))W)......
.......)))#@#)).....#
..M....)M)WMVD....###
#.....)))............
.#.....))............
......)))............
......))O..........o.
.....#.).....#.......
.....#.))....#.p...
...###.......###.


You could see 2 accurseds, 2 eight-headed meat hydras, a destroyer, a scourge, 2
fleshlords, a wretched soul (invisible), a dread and a meat berserker (berserk).

Vanquished Creatures
  6 hell beasts (D)
  4 greater mummies (D)
  5 great orbs of eyes (D)
  5 wraiths (D)
  7 vampire knights (D)
  36 ogres (D)
  7 two-headed ogres (D)
  3 liches (D)
  3 hydras (D)
  44 orcs (D)
  3 phantoms (D)
  6 skeletal warriors (D)
  A sea snake (D)
  7 large abominations (D)
  6 small abominations (D)
  8 crawling corpses (D)
151 creatures vanquished.

Vanquished Creatures (others)
  2 small abominations (D)
2 creatures vanquished.

Grand Total: 153 creatures vanquished

Notes
Turn   | Place    | Note
-------+----------+-------------------------------------------
     0 | D        | Found the +∞ Axe of Woe
     0 | D        | iamoutofideas the Mummy Chaos Knight began the quest for
                  | the Orb.
     0 | D        | Reached XP level 1. HP: 18/18 MP: 1/1
     3 | D        | Noticed a bag of meat
     4 | D        | Fell from the grace of Xom
     4 | D        | Became a worshipper of Makhleb the Destroyer
     4 | D        | Noticed a meat berserker
     4 | D        | Noticed a meat berserker
     5 | D        | Noticed a meat berserker
     6 | D        | Killed a meat berserker
     6 | D        | Reached skill level 10 in Armour
     6 | D        | Reached XP level 2. HP: 52/52 MP: 2/2
     6 | D        | Reached XP level 3. HP: 59/59 MP: 3/3
     6 | D        | Reached XP level 4. HP: 66/66 MP: 4/4
     6 | D        | Reached XP level 5. HP: 73/73 MP: 5/5
     6 | D        | Reached XP level 6. HP: 80/80 MP: 6/6
     6 | D        | Reached XP level 7. HP: 87/87 MP: 7/7
     6 | D        | Reached XP level 8. HP: 94/94 MP: 8/8
     6 | D        | Reached XP level 9. HP: 101/101 MP: 9/9
     6 | D        | Reached XP level 10. HP: 108/108 MP: 10/10
     6 | D        | Reached XP level 11. HP: 115/115 MP: 11/11
     6 | D        | Reached XP level 12. HP: 122/122 MP: 12/12
     6 | D        | Gained mutation: You are in touch with the powers of death.
                  | [Mummy growth]
     6 | D        | Reached XP level 13. HP: 129/129 MP: 13/13
     6 | D        | Killed a meat berserker
     6 | D        | Reached * piety under Makhleb
     6 | D        | Reached skill level 5 in Dodging
     6 | D        | Reached XP level 14. HP: 143/143 MP: 14/14
     6 | D        | Noticed a meat berserker
     6 | D        | Noticed a bag of meat
     7 | D        | Killed a bag of meat
     7 | D        | Killed a meat berserker
     7 | D        | Reached XP level 15. HP: 127/158 MP: 15/15
    11 | D        | Noticed a meat berserker
    12 | D        | Reached ** piety under Makhleb
    12 | D        | Reached skill level 27 in Fighting
    13 | D        | Noticed a large bag of meat
    13 | D        | Noticed a meat berserker
    14 | D        | Noticed a large bag of meat
    15 | D        | Killed a meat berserker
    15 | D        | Reached skill level 27 in Axes
    15 | D        | Reached XP level 16. HP: 31/167 MP: 16/16
    15 | D        | Killed a meat berserker
    15 | D        | Reached *** piety under Makhleb
    15 | D        | Reached XP level 17. HP: 84/174 MP: 17/17
    15 | D        | Noticed a meat berserker
    16 | D        | Reached skill level 27 in Armour
    18 | D        | Killed a meat berserker
    18 | D        | Reached **** piety under Makhleb
    18 | D        | Reached XP level 18. HP: 139/182 MP: 18/18
    19 | D        | Noticed a large bag of meat
    19 | D        | Killed a large bag of meat
    19 | D        | Reached skill level 27 in Dodging
    19 | D        | Reached XP level 19. HP: 154/189 MP: 19/19
    19 | D        | Reached ***** piety under Makhleb
    19 | D        | Reached skill level 10 in Spellcasting
    19 | D        | Killed a large bag of meat
    19 | D        | Reached skill level 10 in Throwing
    19 | D        | Reached skill level 10 in Unarmed Combat
    19 | D        | Noticed a large bag of meat
    20 | D        | Reached XP level 20. HP: 197/197 MP: 19/41
    20 | D        | Reached skill level 15 in Stealth
    20 | D        | Reached skill level 15 in Invocations
    21 | D        | Noticed a large bag of meat
    21 | D        | Noticed a meat berserker
    22 | D        | Reached skill level 15 in Throwing
    22 | D        | Reached skill level 15 in Unarmed Combat
    22 | D        | Killed a meat berserker
    22 | D        | Reached ****** piety under Makhleb
    22 | D        | Killed a large bag of meat
    22 | D        | Reached XP level 21. HP: 204/204 MP: 19/49
    23 | D        | Noticed a large bag of meat
    24 | D        | Reached skill level 27 in Spellcasting
    24 | D        | Reached XP level 22. HP: 212/212 MP: 20/53
    26 | D        | Killed a large bag of meat
    26 | D        | Noticed a large bag of meat
    27 | D        | Noticed a destroyer
    28 | D        | Killed a large bag of meat
    28 | D        | Reached skill level 27 in Stealth
    28 | D        | Reached skill level 27 in Invocations
    28 | D        | Reached XP level 23. HP: 218/219 MP: 21/54
    29 | D        | Killed a destroyer
    29 | D        | Reached skill level 27 in Throwing
    29 | D        | Reached skill level 27 in Unarmed Combat
    32 | D        | Killed a large bag of meat
    32 | D        | Reached XP level 24. HP: 227/227 MP: 22/54
    33 | D        | Killed a large bag of meat
    34 | D        | Noticed a destroyer
    35 | D        | Noticed a destroyer
    35 | D        | Noticed a destroyer
    36 | D        | Noticed a destroyer
    38 | D        | Noticed a destroyer
    39 | D        | Killed a destroyer
    39 | D        | Reached XP level 25. HP: 234/234 MP: 24/54
    46 | D        | Killed a destroyer
    47 | D        | Killed a destroyer
    48 | D        | Killed a destroyer
    48 | D        | Gained mutation: You are strongly in touch with the powers
                  | of death. [Mummy growth]
    48 | D        | Reached XP level 26. HP: 242/242 MP: 26/54
    49 | D        | Noticed an accursed
    51 | D        | Noticed a destroyer
    53 | D        | Killed a destroyer
    55 | D        | Noticed a tyrant
    57 | D        | Killed an accursed
    57 | D        | Reached XP level 27. HP: 249/249 MP: 29/54
    61 | D        | Killed a destroyer
    63 | D        | Noticed a meat beast
    63 | D        | Killed a tyrant
    64 | D        | Noticed a dread
    66 | D        | Noticed a dread
    66 | D        | Noticed a meat beast
    66 | D        | Killed a meat beast
    67 | D        | Killed a dread
    67 | D        | Noticed a dread
    68 | D        | Killed a meat beast
    69 | D        | Noticed an accursed
    73 | D        | Killed a dread
    73 | D        | Noticed a meat beast
    74 | D        | Killed a dread
    74 | D        | Noticed a meat beast
    74 | D        | Noticed a tyrant
    75 | D        | Noticed a meat beast
    76 | D        | Noticed an accursed
    77 | D        | Killed a meat beast
    79 | D        | Killed a meat beast
    80 | D        | Killed a meat beast
    84 | D        | Killed a tyrant
    85 | D        | Killed an accursed
    89 | D        | Noticed a tyrant
    92 | D        | Noticed a dread
    93 | D        | Killed a tyrant
    98 | D        | Noticed an accursed
    99 | D        | Killed an accursed
   100 | D        | Noticed a destroyer
   101 | D        | Noticed a meat beast
   101 | D        | Noticed an accursed
   103 | D        | Killed a dread
   105 | D        | Killed a meat beast
   106 | D        | Noticed an accursed
   107 | D        | Noticed a dread
   107 | D        | Noticed an accursed
   109 | D        | Killed an accursed
   111 | D        | Noticed a dread
   113 | D        | Killed a dread
   114 | D        | HP: 10/249 [destroyer/+9 vorpal great sword (192)]
   114 | D        | Annihilated by a destroyer

Illustrated notes

Levels and vault maps discovered:
D:        meatsprint

Skill      XL: |  1  2  3  4  5  6  7  8  9 10 11 12 13 14 15 16 17 18 19 20 21 22 23 |
---------------+----------------------------------------------------------------------+-----
Fighting       | 20 23 26 27 | 27.0
Axes           | 18 21 24 27 | 27.0
Armour         | 10 12 14 18 24 27 | 27.0
Dodging        | 4 5 8 11 21 27 | 27.0
Throwing       | 12 18 21 25 27 | 27.0
Stealth        | 13 19 22 27 | 27.0
Unarmed Combat | 12 18 21 25 27 | 27.0
Spellcasting   | 17 24 27 | 27.0
Invocations    | 13 19 22 27 | 27.0

Action                   |  1- 3 |  4- 6 |  7- 9 | 10-12 | 13-15 | 16-18 | 19-21 | 22-24 | 25-27 || total
-------------------------+-------+-------+-------+-------+-------+-------+-------+-------+-------++-------
Melee: Executioner's axe |     1 |       |       |       |     3 |     3 |     3 |     8 |    57 ||    75
Armor: Leather armour    |       |       |       |       |       |       |       |       |     4 ||     4
Dodge: Dodged            |       |       |       |       |     1 |       |     1 |     2 |     9 ||    13

Table legend: (Time is in decaauts)
 A = Elapsed time spent in this place.
 B = Non-inter-level travel time spent in this place.
 C = Inter-level travel time spent in this place.
 D = Time resting spent in this place.
 E = Time spent auto-exploring this place.
 F = Levels seen in this place.
 G = Mean time per level.
                   A        B        C        D        E       F      G
               +--------+--------+--------+--------+--------+-----+--------+
         Total |    103 |    103 |      0 |      0 |      0 |   1 |  103.0 |
       Dungeon |    103 |    103 |      0 |      0 |      0 |   1 |  103.0 |
               +--------+--------+--------+--------+--------+-----+--------+

Top non-repeatable levels by time:
       D: 103 daAuts
